 Dungeon Crawl Stone Soup version 0.27.1-33-g824d729ab1 (webtiles) character file.

Game seed: 5718605429893158194

18 lordive the Ruffian (level 2, 0/23 HPs)
             Began as a Draconian Transmuter on Dec 27, 2021.
             Succumbed to an adder's poison
             ... on level 2 of the Dungeon.
             The game lasted 00:00:58 (1322 turns).

lordive the Ruffian (Draconian Transmuter)          Turns: 1322, Time: 00:00:59

Health: 0/23       AC:  4    Str: 12    XL:     2   Next: 51%
Magic:  5/5        EV: 12    Int: 13    God:
Gold:   52         SH:  0    Dex: 11    Spells: 4/5 levels left

rFire    . . .     SeeInvis .     - Unarmed
rCold    . . .     Faith    .   (no shield)
rNeg     . . .     Spirit   .   (armour unavailable)
rPois    .         Reflect  .   (helmet restricted)
rElec    .         Harm     .   (no cloak)
rCorr    .         Rampage  .   (no gloves)
Will     .....                  (no boots)
Stlth    +.........             (no amulet)
HPRegen  0.07/turn              (no ring)
MPRegen  0.09/turn              (no ring)

@: lethally poisoned (0 -> -1)
A: AC +4, unfitting armour, cold-blooded
a: no special abilities


You were on level 2 of the Dungeon.
You visited 1 branch of the dungeon, and saw 2 of its levels.

You collected 52 gold pieces.

Inventory:

Armour
 b - a +0 kite shield
Scrolls
 c - 2 scrolls of identify {unknown}
 d - 3 scrolls of enchant armour {unknown}
Potions
 a - a potion of degeneration {unknown}
 e - a potion of lignification {unknown}


   Skills:
 + Level 1.1 Fighting
 + Level 2.0 Dodging
 * Level 3.5 Unarmed Combat
 + Level 2.1 Spellcasting
 * Level 2.1 Transmutations


You had 4 spell levels left.
You knew the following spells:

 Your Spells              Type           Power      Damage    Failure   Level
a - Beastly Appendage     Tmut           12%        N/A       11%         1

Your spell library contained the following spells:

 Spells                   Type           Power      Damage    Failure   Level
 Wereblood                Tmut           6%         N/A       16%         2
 Spider Form              Tmut/Pois      2%         N/A       43%         3
 Ice Form                 Ice/Tmut       4%         N/A       85%         4


Dungeon Overview and Level Annotations

Branches:
Dungeon (2/15)

Altars:


Innate Abilities, Weirdness & Mutations

Your plain brown scales are hard. (AC +4)
You cannot fit into any form of body armour.
You are cold-blooded and may be slowed by cold attacks.


Message History

The adder poisons you!
You closely miss the adder.
Your tail-slap misses the adder.
The adder is heavily wounded.
You feel sick. The goblin barely misses you.
The adder bites you but does no damage.
You closely miss the adder.
The adder is heavily wounded.
You feel sick. The goblin barely misses you. The adder barely misses you.
You closely miss the adder.
The adder is heavily wounded.
You feel sick. The adder closely misses you.
The goblin hits you with a +0 club.
Unknown command.
You hit the adder.
The adder is almost dead.
You feel sick. The adder barely misses you. The goblin hits you with a +0 club.
The adder bites you.
You are more poisoned.
The adder poisons you!
You closely miss the adder.
The adder is almost dead.
You feel sick. The goblin hits you but does no damage.
The adder bites you but does no damage.
You completely miss the adder.
The adder is almost dead.
You feel sick. The goblin barely misses you. The adder closely misses you.
You closely miss the adder. You tail-slap the adder.
You kill the adder!
You feel sick. The goblin hits you with a +0 club.
You feel sick. The goblin barely misses you.
You see here a hobgoblin corpse.
You hit the goblin.
The goblin is moderately wounded.
You feel sick. The goblin hits you with a +0 club.
* * * LOW HITPOINT WARNING * * *
You hit the goblin.
You kill the goblin!
* * * LOW HITPOINT WARNING * * *
You feel sick.
You die...

#. #.. .#..
##########
.....#.........
...#.........
...........
#.(....... .
#†@.......
.####.........
..##..........
#.##.#########
#.##.#
..##.#..#
..##.#.##
#.##...# #.#
#.###..###


There were no monsters in sight!

Vanquished Creatures
  An adder (D:2)
  3 goblins
  3 hobgoblins
  A bat (D:1)
  A kobold (D:2)
  A rat (D:1)
10 creatures vanquished.

Vanquished Creatures (others)
  8 plants (D:1)
  8 withered plants (D:1)
16 creatures vanquished.

Grand Total: 26 creatures vanquished

Notes
Turn   | Place    | Note
-------+----------+-------------------------------------------
     0 | D:1      | lordive the Draconian Transmuter began the quest for the
                  | Orb.
     0 | D:1      | Reached XP level 1. HP: 16/16 MP: 3/3
   111 | D:1      | Found a faded altar of an unknown god.
  1308 | D:2      | Reached XP level 2. HP: 23/23 MP: 5/5
  1321 | D:2      | HP: 1/23 [poisoned by an adder]
  1322 | D:2      | Succumbed to an adder's poison

Illustrated notes

Levels and vault maps discovered:
D:1:      noname_arrival_rooms_in_the_neighbourhood, layout_basic,
          shapermc_ecumenical_altar_flowoftime
D:2:      layout_rooms, kennysheep_nondescript

Skill      XL: |  1 |
---------------+----+-----
Dodging        | 2 |  2.0
Fighting       | |  1.1
Unarmed Combat | |  3.5
Spellcasting   | |  2.1
Transmutations | |  2.1

Action                   || total
-------------------------++-------
Melee: Unarmed           ||    29
       Tailslap          ||     3
       Headbutt          ||     1
 Cast: Beastly Appendage ||     3
 Stab: Sleeping          ||     1
Armor: Skin              ||    13
Dodge: Dodged            ||    23
